 Dungeon Crawl Stone Soup version 0.24.0-1-gfbc8707122 (webtiles) character file.

Game seed: 14643779459293377580, levelgen mode: deterministic

149 Mrkan the Skirmisher (level 5, 0/46 HPs)
             Began as a Centaur Fighter on Oct 26, 2019.
             Was an Initiate of Okawaru.
             Slain by Mrkan's ghost (11 damage)
             ... on level 3 of the Dungeon.
             The game lasted 00:05:52 (3182 turns).

Mrkan the Skirmisher (Centaur Fighter)              Turns: 3182, Time: 00:05:52

Health: 0/46       AC:  8    Str: 20    XL:     5   Next: 9%
Magic:  5/5        EV:  1    Int:  7    God:    Okawaru [......]
Gold:   119        SH:  8    Dex:  8    Spells: 4/4 levels left

rFire    + . .     SeeInvis .   a - +0 war axe
rCold    + . .     Gourm    .   c - +0 shield
rNeg     . . .     Faith    .   t - +0 plate armour
rPois    .         Spirit   .   (no helmet)
rElec    .         Reflect  .   n - scarf {rC+ rF+}
rCorr    .         Harm     .   (no gloves)
MR       .....                  (no barding)
Stlth    ..........             (no amulet)
HPRegen  0.15/turn              (no ring)
MPRegen  0.09/turn              (no ring)

@: very quick
A: large, hooves 3, deformed body, speed 2, tough skin 3
a: Renounce Religion


You were on level 3 of the Dungeon.
You worshipped Okawaru.
Okawaru was noncommittal.
You were not hungry.

You visited 1 branch of the dungeon, and saw 3 of its levels.

You collected 119 gold pieces.

Inventory:

Hand Weapons
 a - a +0 war axe (weapon)
Armour
 c - a +0 shield (worn)
 n - a scarf of resistance (worn)
 t - a +0 plate armour (worn)
Scrolls
 b - a scroll of immolation {unknown}
 e - 3 scrolls of identify
 j - a scroll of blinking {unknown}
 l - 2 scrolls of enchant armour {unknown}
 p - 3 scrolls of teleportation {unknown}
 r - a scroll of fog {unknown}
 s - a scroll of random uselessness {unknown}
Potions
 d - 3 potions of might
 g - a potion of brilliance {unknown}
 h - a potion of degeneration {unknown}
 k - a potion of haste {unknown}
 m - 2 potions of curing {unknown}
 o - a potion of agility {unknown}
 q - 2 potions of flight {unknown}
Comestibles
 f - 4 rations


   Skills:
 + Level 3.8 Fighting
 * Level 3.6 Axes
 - Level 2.1 Armour
 + Level 2.8 Shields


You had 4 spell levels left.
You didn't know any spells.
Your spell library was empty.

Dungeon Overview and Level Annotations

Branches:
Dungeon (3/15)

Altars:
Cheibriados
Dithmenos
Elyvilon
Gozag
Okawaru
Trog

Annotations:
D:3 Mrkan's ghost, amateur DrFi


Innate Abilities, Weirdness & Mutations

You have hooves in place of feet.
Armour fits poorly on your strangely shaped body.
You cover ground very quickly.
You have extremely tough skin. (AC +3)


Message History

Mrkan's ghost whispers, "You will understand me better in a moment."
That item cannot be evoked!
Mrkan's ghost is nearby!
Mrkan's ghost is nearby!
You slash Mrkan's ghost! Your kick misses Mrkan's ghost.
Mrkan's ghost is almost destroyed.
Mrkan's ghost hits you but does no damage.
You block Mrkan's ghost's attack.
Your shield and plate armour prevent you from hitting Mrkan's ghost.
Mrkan's ghost is almost destroyed.
Mrkan's ghost hits you.
* * * LOW HITPOINT WARNING * * *
You completely miss Mrkan's ghost.
You kick Mrkan's ghost, but do no damage.
Mrkan's ghost is almost destroyed.
You block Mrkan's ghost's attack.
Your plate armour prevents you from hitting Mrkan's ghost.
Mrkan's ghost is almost destroyed.
You block Mrkan's ghost's attack. Mrkan's ghost hits you!
You die...

#####.....# #+##
#......[.## ..#
#........#. .. ...
............ #.. ..#
.#####.##... #.#
##.## ####+##.## #(#
... ........# #.###
#.# ........# #...
#@# ........#
#..#+#+###### #W#
........#
.......)....# #.#
........#
............# #.##
........##
.#'#........####..#
........#.
##.##.......W.....#
........#.
#...##............##
........'.
.....##............#
#########.
.%♣!.⌠#..........#.#
#.


You could see Mrkan's ghost.

Vanquished Creatures
  A worker ant (D:3)
  3 gnolls (D:2)
  3 adders
  3 oozes
  A dart slug (D:2)
  2 leopard geckos
  An orc (D:3)
  4 giant cockroaches
  5 hobgoblins
  8 kobolds
  3 quokkas
  8 bats
  A frilled lizard (D:2)
  7 goblins
  6 rats
  A bush (D:2)
57 creatures vanquished.

Notes
Turn   | Place    | Note
-------+----------+-------------------------------------------
     0 | D:1      | Mrkan the Centaur Fighter began the quest for the Orb.
     0 | D:1      | Reached XP level 1. HP: 19/19 MP: 1/1
    71 | D:1      | Reached XP level 2. HP: 20/26 MP: 2/2
   663 | D:2      | Reached XP level 3. HP: 31/31 MP: 3/3
   669 | D:2      | Found an opulent altar of Gozag.
   672 | D:2      | Found a bloodstained altar of Trog.
   672 | D:2      | Found an iron altar of Okawaru.
   672 | D:2      | Found a snail-covered altar of Cheibriados.
   699 | D:2      | Became a worshipper of Warmaster Okawaru
  1726 | D:2      | Reached XP level 4. HP: 38/38 MP: 4/4
  2005 | D:2      | Found a white marble altar of Elyvilon.
  2510 | D:3      | Found a shadowy altar of Dithmenos.
  2558 | D:3      | Reached XP level 5. HP: 27/46 MP: 5/5
  3125 | D:3      | Found a runed translucent door.
  3125 | D:3      | Noticed Mrkan's ghost (amateur DrFi)
  3182 | D:3      | Slain by Mrkan's ghost

Levels and vault maps discovered:
D:1:      doesnt_arrival_eight_statues, layout_loops_ring
D:2:      layout_loops_cross, grunt_temple_overflow_open, elyvilon_altar_1,
          corexii_hall_statues_t
D:3:      layout_basic, grunt_dithmenos_smoke_and_mirrors,
          lemuel_coloured_pillars_altar, first_ration,
          hellmonk_ghost_happy_afterlife

Skill      XL: |  1  2  3 |
---------------+----------+-----
Axes           | 2 3 |  3.6
Fighting       | |  3.8
Armour         | |  2.1
Shields        | |  2.8

Action                   |  1- 3 |  4- 6 || total
-------------------------+-------+-------++-------
Melee: War axe           |    87 |    95 ||   182
       Kick              |    12 |    32 ||    44
  Use: Scroll            |     1 |       ||     1
  Eat: Ration            |     1 |     1 ||     2
Armor: Scale mail        |    46 |     9 ||    55
       Plate armour      |       |    16 ||    16
Dodge: Dodged            |    22 |     5 ||    27
Block: Shield            |    41 |    31 ||    72
